 Dungeon Crawl Stone Soup version 0.32-a0-314-g526f7d4993 (webtiles) character file.

Game seed: 3032867226632875614

1617 dialectric the Changeling (level 8, -10/70 HPs)
             Began as a Red Draconian Shapeshifter on Feb 15, 2024.
             Mangled by a troll (11 damage)
             ... on level 5 of the Dungeon.
             The game lasted 00:09:19 (6542 turns).

dialectric the Changeling (DrSh)                    Turns: 6542, Time: 00:09:19

Health: -10/70     AC:  6    Str: 25    XL:     8   Next: 64%
Magic:  8/8        EV: 13    Int: 10    God:
Gold:   288        SH:  5    Dex: 11    Spells: 7/7 levels left

rFire   + . .        y - +0 flail (protect)
rCold   + . .        (no shield)
rNeg    . . .        (body armour unavailable)
rPois   .            (helmet currently unavailable)
rElec   .            (cloak currently unavailable)
rCorr   .            (gloves currently unavailable)
SInv    .            (boots currently unavailable)
Will    .....        i - amulet of reflection
Stlth   +            j - ring of protection from cold
HPRegen 0.31/turn    w - +6 ring of strength
MPRegen 0.11/turn

%: reflection
@: beast-form
A: beast (slay +3), breathe fire, AC +6, unfitting armour, fire resistance 1,
cold-blooded
a: Breathe Fire, Begin Untransformation


You were on level 5 of the Dungeon.
You were a hulking beast.
You visited 1 branch of the dungeon, and saw 6 of its levels.

You collected 288 gold pieces.

Inventory:

Hand Weapons
 v - a +0 mace
 y - a +0 flail of protection (weapon)
 H - a +2 whip of freezing
Missiles
 d - 14 poisoned darts (quivered)
Armour
 k - an orb of light
 o - a +0 pair of gloves
Jewellery
 e - a ring of wizardry
 i - an amulet of reflection (around neck)
 j - a ring of protection from cold (left hand)
 w - a +6 ring of strength (right hand)
 G - a +6 ring of dexterity
Talismans
 b - a beast talisman (active)
 c - a flux talisman
 n - a serpent talisman
Scrolls
 g - 2 scrolls of fog {unknown}
 h - 4 scrolls of teleportation
 m - 3 scrolls of poison {unknown}
 q - 3 scrolls of amnesia {unknown}
 r - a scroll of blinking {unknown}
 t - 3 scrolls of noise {unknown}
 x - a scroll of immolation {unknown}
 C - a scroll of vulnerability {unknown}
 D - 2 scrolls of revelation {unknown}
 E - 2 scrolls of enchant weapon {unknown}
 F - a scroll of torment {unknown}
Potions
 a - a potion of lignification
 f - 2 potions of curing
 l - a potion of degeneration {unknown}
 p - a potion of magic {unknown}
 s - 2 potions of heal wounds
 u - a potion of mutation {unknown}
 z - a potion of invisibility {unknown}
 A - a potion of haste
 B - a potion of brilliance {unknown}


   Skills:
 + Level 5.9 Fighting
 + Level 4.0 Maces & Flails
 + Level 5.1 Dodging
 - Level 3.1 Unarmed Combat
 + Level 6.7 Shapeshifting


You had 7 spell levels left.
You didn't know any spells.
Your spell library contained the following spells:

 Spells                   Type           Power      Damage    Failure   Level
 Kiss of Death            Conj/Necr      0%         2d5       36%         1
 Static Discharge         Conj/Air       0%         3-3/arc   50%         2
 Confusing Touch          Hex            0%         N/A       75%         3
 Airstrike                Air            0%         2d(0-16)  98%         4
 Dispel Undead            Necr           0%         3d6       98%         4
 Summon Lightning Spire   Summ/Air       0%         N/A       98%         4


Dungeon Overview and Level Annotations

Branches:
Dungeon (6/15)             Temple (0/1) D:5

Altars:
Elyvilon
Ru


Innate Abilities, Weirdness & Mutations

You are a hulking beast.
Your limbs bulge with bestial killing power. (Slay +3)
You can breathe blasts of fire.
Your fiery red scales are hard. (AC +6)
You cannot fit into any form of body armour.
Your flesh is heat resistant. (rF+)
You are cold-blooded and may be slowed by cold attacks.


Message History

No target in view!
You see here a howler monkey skeleton.
Done exploring.
Done exploring.
No target in view!
Done exploring.
Done exploring.
No target in view!
No target in view!
Search for what [Enter for "arm", or ? for help]? arm
Things that are here:
a +0 spear; a gnoll skeleton
There is a stone staircase leading up, spattered with blood here.
You climb upwards.
The troll bites you! The troll claws you. You block the troll's attack.
The troll bites you. The troll claws you! The troll barely misses you.
There is a stone staircase leading down, spattered with blood here.
The troll bites you! The troll claws you. x2
You climb downwards.
There is a stone staircase leading up, spattered with blood here.
Unknown command.
Unknown command.
The troll bites you!
* * * LOW HITPOINT WARNING * * *
The troll claws you but does no damage. The troll barely misses you.
You climb upwards.
There is a stone staircase leading down, spattered with blood here.
Unknown command.
You barely miss the troll. You block the troll's attack.
The troll claws you but does no damage. The troll claws you!
* * * LOW HITPOINT WARNING * * *
Unknown command.
Things that are here:
a +0 leather armour; a gnoll skeleton The troll attacks as it pursues you!
The troll barely misses you. x2
The troll claws you!
* * * LOW HITPOINT WARNING * * *
The troll attacks as it pursues you! The troll barely misses you.
The troll claws you!
You die...

#.##.## ######.##T# ####
###############......##.#
...#
#............##.#######.#
...#####............##.#
#.#
.^.'...'.....>.........#
#.#
...#####......[.....##.#
#.##
......##.......T....####
#...
#####.##........h...#
####
#.##.#######....##### ###
#.####.....##.......# #..
#.###.......#.......# ###
# #.##....>...........# #
#.##.♣.....♣..[...<.# ##
#.##................# .#
#.###..♣.♣....)####.####
.####.####..)......#
#....##


You could see a troll.

Vanquished Creatures
  An ice beast (D:6)
  3 black bears (D:5)
  An ogre (D:6)
  A centaur (D:6)
  A gnoll sergeant (D:5)
  2 scorpions
  4 wights (D:6)
  A howler monkey (D:6)
  2 hounds (D:5)
  A sleepcap (D:6)
  3 gnoll boudas (D:5)
  2 orc priests
  An orc wizard (D:4)
  15 gnolls
  8 adders
  2 ufetubi (D:5)
  A dart slug (D:1)
  A ribbon worm (D:2)
  19 orcs
  5 bats
  6 endoplasms
  A giant cockroach (D:1)
  9 goblins
  9 hobgoblins
  4 quokkas
  5 ball pythons
  3 frilled lizards
  5 kobolds
  5 rats
121 creatures vanquished.

Notes
Turn   | Place    | Note
-------+----------+-------------------------------------------
     0 | D:1      | dialectric the Draconian Shapeshifter began the quest for
                  | the Orb.
     0 | D:1      | Reached XP level 1. HP: 16/16 MP: 1/1
    59 | D:1      | Reached XP level 2. HP: 22/23 MP: 2/2
   242 | D:1      | Found a faded altar of an unknown god.
   622 | D:2      | Reached XP level 3. HP: 29/29 MP: 3/3
  1085 | D:2      | Reached XP level 4. HP: 37/37 MP: 4/4
  1885 | D:3      | Reached skill level 4 in Shapeshifting
  2216 | D:3      | Reached XP level 5. HP: 41/44 MP: 5/5
  3182 | D:4      | Reached XP level 6. HP: 50/51 MP: 6/6
  3628 | D:5      | Entered Level 5 of the Dungeon
  3770 | D:5      | Found a staircase to the Ecumenical Temple.
  3867 | D:5      | Reached skill level 5 in Shapeshifting
  4490 | D:5      | Reached skill level 1 in Maces & Flails
  4490 | D:5      | Your scales start taking on a fiery red colour.
  4490 | D:5      | Reached XP level 7. HP: 46/59 MP: 7/7
  4490 | D:5      | Gained mutation: Your flesh is heat resistant. (rF+) [Red
                  | Draconian growth]
  5165 | D:5      | Reached skill level 6 in Shapeshifting
  5422 | D:5      | Found a sacrificial altar of Ru.
  5613 | D:6      | Reached XP level 8. HP: 67/67 MP: 8/8
  5641 | D:6      | Reached skill level 5 in Fighting
  5675 | D:6      | Noticed a troll
  6227 | D:6      | Found a white marble altar of Elyvilon.
  6344 | D:6      | Reached skill level 5 in Dodging
  6541 | D:5      | HP: 1/70 [troll (11)]
  6542 | D:5      | Mangled by a troll

Illustrated notes

Levels and vault maps discovered:
D:1:      mrwooster_arrival_statue_2, layout_rooms,
          shapermc_ecumenical_altar_flowoftime
D:2:      kennysheep_the_goblin_king, layout_basic, serial_co_window_serial,
          co_window_corner_a, co_window_of_opportunity_a, co_window_paths_b,
          co_window_corner_a, co_window_corner_a, co_window_of_opportunity_a,
          co_window_corner_a, co_window_broadway_b, co_window_corner_ca,
          co_window_corner_b, co_window_broadway_a, co_window_corner_cb,
          glass_columns_b, glass_columns_c, glass_columns_a
D:3:      layout_basic
D:4:      layout_loops_corners
D:5:      layout_basic, nicolae_overflow_crystal_walls, temple_pool_b,
          serial_curves, eino_curves_03, eino_curves_03, eino_curves_03,
          minivault_5, grunt_ministairs_9
D:6:      layout_basic, mainiacjoe_overflow_surrounded_room

Skill      XL: |  1  2  3  4  5  6  7  8 |
---------------+-------------------------+-----
Dodging        | 2 3 4 5 |  5.1
Fighting       | 2 3 4 5 |  5.9
Shapeshifting  | 4 5 6 |  6.7
Maces & Flails | 1 2 4 |  4.0
Unarmed Combat | |  3.1

Action                     |  1- 3 |  4- 6 |  7- 9 || total
---------------------------+-------+-------+-------++-------
  Melee: Unarmed           |    93 |   149 |       ||   242
         Tailslap          |    10 |    23 |    20 ||    53
         Punch             |     1 |     2 |       ||     3
         Flail             |       |    48 |   146 ||   194
  Throw: Dart              |       |    17 |       ||    17
    Use: Scroll            |       |     5 |     1 ||     6
         Potion            |       |     1 |     1 ||     2
   Stab: Sleeping          |       |     1 |       ||     1
 Armour: Skin              |    37 |   165 |   149 ||   351
  Dodge: Dodged            |    72 |   120 |   147 ||   339
  Block: Other             |     9 |    56 |    44 ||   109
         Reflection        |     1 |       |     1 ||     2

Table legend: (Time is in decaauts)
 A = Elapsed time spent in this place.
 B = Non-inter-level travel time spent in this place.
 C = Inter-level travel time spent in this place.
 D = Time resting spent in this place.
 E = Time spent auto-exploring this place.
 F = Levels seen in this place.
 G = Mean time per level.
                   A        B        C        D        E       F      G
               +--------+--------+--------+--------+--------+-----+--------+
         Total |   6591 |   6361 |    230 |    563 |   4337 |   6 | 1098.5 |
       Dungeon |   6591 |   6361 |    230 |    563 |   4337 |   6 | 1098.5 |
               +--------+--------+--------+--------+--------+-----+--------+

Top non-repeatable levels by time:
     D:5: 1867 daAuts
     D:4: 1267 daAuts
     D:2: 1254 daAuts
     D:3: 913 daAuts
     D:6: 713 daAuts
     D:1: 575 daAuts
